 Dungeon Crawl Stone Soup version 0.31-a0-833-gc15d34cb79 (webtiles) character file.

Game seed: 5838798553979132249

3127 DApurpleWHUMPUS the Thaumaturge (level 9, -2/45 HPs)
             Began as a Deep Elf Conjurer on Sept 25, 2023.
             Was a Believer of Makhleb.
             Slain by a vampire mosquito (8 damage)
             ... on level 8 of the Dungeon.
             The game lasted 00:21:20 (9121 turns).

DApurpleWHUMPUS the Thaumaturge (Deep Elf Conjurer) Turns: 9121, Time: 00:21:21

Health: -2/45      AC:  7    Str: 10    XL:     9   Next: 61%
Magic:  23/28      EV: 12    Int: 28    God:    Makhleb [**....]
Gold:   353        SH:  0    Dex: 13    Spells: 20/34 levels left

rFire   + . .        i - +1 dagger (protect)
rCold   . . .        n - orb {*channel}
rNeg    + . .        G - +2 robe {rN+}
rPois   .            (no helmet)
rElec   .            I - +0 cloak
rCorr   .            m - +1 pair of gloves
SInv    .            (no boots)
Will    .....        (no amulet)
Stlth   ++           s - +6 ring of strength
HPRegen 0.27/turn    e - ring of protection from fire
MPRegen 0.21/turn

%: channel magic (20%)
@: about to teleport
A: no striking features
a: Renounce Religion, Minor Destruction


You were on level 8 of the Dungeon.
You worshipped Makhleb.
Makhleb was pleased with you.
You visited 1 branch of the dungeon, and saw 8 of its levels.

You collected 353 gold pieces.

Inventory:

Hand Weapons
 i - a +1 dagger of protection (weapon)
 H - a +0 arbalest
Armour
 a - a +0 robe
 m - a +1 pair of gloves (worn)
 n - an orb of energy (worn)
 G - a +2 robe of positive energy (worn)
 I - a +0 cloak (worn)
Magical Staves
 o - a staff of earth
Jewellery
 e - a ring of protection from fire (right hand)
 k - a ring of wizardry
 s - a +6 ring of strength (left hand)
 u - a ring of flight
 x - a ring of resist corrosion
Wands
 r - a wand of flame (16)
 y - a wand of roots (11)
 C - a wand of digging (4)
 F - a wand of polymorph (4)
Scrolls
 f - a scroll of poison
 h - 4 scrolls of teleportation
 j - a scroll of revelation {unknown}
 p - a scroll of fog {unknown}
 t - a scroll of amnesia {unknown}
 v - 10 scrolls of identify
 A - 2 scrolls of blinking {unknown}
 D - a scroll of enchant armour {unknown}
 E - a scroll of silence
 J - a scroll of immolation
Potions
 b - 2 potions of magic
 c - 4 potions of degeneration
 d - a potion of attraction
 g - 3 potions of curing
 l - 4 potions of lignification
 q - a potion of heal wounds {unknown}
 w - a potion of enlightenment {unknown}
 z - a potion of brilliance {unknown}
 B - 2 potions of haste {unknown}


   Skills:
 - Level 2.4 Dodging
 - Level 2.4 Stealth
 + Level 13.2 Spellcasting
 - Level 9.1 Conjurations
 * Level 4.5 Summonings
 - Level 3.2 Earth Magic


You had 20 spell levels left.
You knew the following spells:

 Your Spells              Type           Power      Damage    Failure   Level
a - Magic Dart            Conj           100%       1d8       1%          1
b - Searing Ray           Conj           100%       2d8       1%          2
c - Dazzling Flash        Conj/Hex       88%        N/A       6%          3
d - Call Canine Familiar  Summ           44%        N/A       6%          3
e - Fireball              Conj/Fire      22%        3d10      28%         5

Your spell library contained the following spells:

 Spells                   Type           Power      Damage    Failure   Level
 Summon Small Mammal      Summ           100%       N/A       3%          1
 Summon Guardian Golem    Hex/Summ       31%        N/A       11%         3
 Scorch                   Fire           36%        2d6       13%         2
 Flame Wave               Conj/Fire      44%        2d11      13%         4
 Fulminant Prism          Conj/Hex       22%        3d12      13%         4
 Iskenderun's Mystic Bla  Conj/Tloc      44%        2d10      13%         4
 Ozocubu's Armour         Ice            18%        N/A       22%         3
 Cause Fear               Hex            9%         N/A       50%         4
 Summon Cactus Giant      Summ           22%        N/A       77%         6
 Metabolic Englaciation   Hex/Ice        9%         N/A       82%         5
 Simulacrum               Ice/Necr       9%         N/A       100%        6
 Dragon's Call            Summ           22%        N/A       100%        9


Dungeon Overview and Level Annotations

Branches:
Dungeon (8/15)             Temple (0/1) D:6
   Lair: D:8-11

Altars:
Dithmenos
Elyvilon
Gozag
Kikubaaqudgha
Makhleb
Nemelex Xobeh
Okawaru
Ru
Trog
Xom
Yredelemnul
The Shining One


Message History

You can't see any susceptible monsters within range! (Use Z to cast anyway.) Hit: i) +1 dagger (protect)
Press: ? - help, Dir - move target, f/p - vampire mosquito
Aim: a vampire mosquito (heavily damaged, about 54% to evade your +1 dagger of protection)
You closely miss the vampire mosquito.
The vampire mosquito is heavily damaged.
The vampire mosquito bites you. x2
An orc comes into view. It is wielding a +0 whip.
An orc wizard comes into view. It is wielding a +0 dagger of venom.
Casting: Magic Dart (safe; 1% risk of failure)
Confirm with . or Enter, or press ? or * to list all spells.
Okay, then.
The vampire mosquito attacks as it pursues you!
The vampire mosquito bites you.
The vampire mosquito draws strength from your injuries!
The vampire mosquito barely misses you.
The orc shouts!
The vampire mosquito barely misses you.
The vampire mosquito bites you but does no damage.
The vampire mosquito attacks as it pursues you!
The vampire mosquito closely misses you.
The vampire mosquito bites you. The vampire mosquito bites you.
* * * LOW HITPOINT WARNING * * *
The vampire mosquito draws strength from your injuries!
The vampire mosquito bites you but does no damage.
The vampire mosquito attacks as it pursues you!
The vampire mosquito bites you but does no damage.
The vampire mosquito bites you.
* * * LOW HITPOINT WARNING * * *
As you read the scroll of teleportation, it crumbles to dust.
You feel strangely unstable. The vampire mosquito barely misses you.
An orc comes into view. It is wielding a +0 short sword.
The vampire mosquito misses you.
The vampire mosquito closely misses you.
The vampire mosquito attacks as it pursues you!
The vampire mosquito bites you.
* * * LOW HITPOINT WARNING * * *
The vampire mosquito bites you!
You die...

##....#.###..##
#.......####..##
#........##....#
##....##..#...##
####..###......#####
.###..###.###.#....#
###....## ##......#
##.....### #.......##
##.......####...@y..## ##
##.##............#.o.##..#
.#........#.....##.......#..
..........#.(#...###.o......
..#....รท<###....##
#.....#.# ..#....<.....#.##
#.....# .###.....#...###
##...o.# ..##.....###.#
......# ...#..#### #.#
.......


You could see a vampire mosquito and 2 orcs.

Vanquished Creatures
  A shadow (D:8)
  Sigmund (D:4)
  2 steam dragons (D:8)
  2 water moccasins
  An ice beast (D:6)
  4 black bears
  A sky beast (D:7)
  An ogre (D:7)
  3 phantoms (D:5)
  A kobold brigand (D:7)
  4 bullfrogs
  A gnoll sergeant (D:6)
  2 scorpions (D:5)
  5 wights (D:6)
  2 howler monkeys (D:5)
  3 hounds
  A jelly (D:7)
  2 sleepcaps
  6 iguanas
  An orc wizard (D:7)
  4 gnolls
  7 adders
  A white imp (D:7)
  A worm (D:2)
  3 dart slugs
  8 orcs
  5 ball pythons
  2 bats (D:3)
  10 endoplasms
  6 giant cockroaches
  10 goblins
  14 hobgoblins
  11 jackals
  15 kobolds
  4 quokkas
  2 frilled lizards (D:2)
  8 rats
155 creatures vanquished.

Vanquished Creatures (collateral kills)
  A bullfrog (D:8)
  2 orcs (D:7)
3 creatures vanquished.

Grand Total: 158 creatures vanquished

Notes
Turn   | Place    | Note
-------+----------+-------------------------------------------
     0 | D:1      | DApurpleWHUMPUS the Deep Elf Conjurer began the quest for
                  | the Orb.
     0 | D:1      | Reached XP level 1. HP: 10/10 MP: 6/6
   245 | D:1      | Reached XP level 2. HP: 15/15 MP: 4/8
   593 | D:1      | Reached skill level 4 in Spellcasting
   779 | D:1      | Reached skill level 5 in Conjurations
   779 | D:1      | Reached XP level 3. HP: 19/19 MP: 6/10
  1509 | D:2      | Learned a level 2 spell: Searing Ray
  1513 | D:2      | Learned a level 3 spell: Dazzling Flash
  1639 | D:2      | Reached XP level 4. HP: 24/24 MP: 5/12
  2027 | D:2      | Found a faded altar of an unknown god.
  2785 | D:3      | Reached skill level 5 in Spellcasting
  3177 | D:3      | Found a burning altar of Makhleb.
  3177 | D:3      | Found a glowing golden altar of the Shining One.
  3189 | D:3      | Found a basalt altar of Yredelemnul.
  3193 | D:3      | Found a shimmering altar of Xom.
  3201 | D:3      | Found an ancient bone altar of Kikubaaqudgha.
  3212 | D:3      | Found a sparkling altar of Nemelex Xobeh.
  3218 | D:3      | Reached XP level 5. HP: 25/28 MP: 14/14
  3243 | D:3      | Became a worshipper of Makhleb the Destroyer
  3715 | D:4      | Noticed Sigmund
  3800 | D:4      | Found an iron altar of Okawaru.
  3965 | D:4      | Killed Sigmund
  3966 | D:4      | Reached skill level 6 in Spellcasting
  3966 | D:4      | Reached XP level 6. HP: 32/32 MP: 8/17
  4072 | D:4      | Found a sacrificial altar of Ru.
  4075 | D:4      | Found a shadowy altar of Dithmenos.
  4078 | D:4      | Found an opulent altar of Gozag.
  4081 | D:4      | Found a white marble altar of Elyvilon.
  4665 | D:5      | Entered Level 5 of the Dungeon
  4836 | D:5      | Reached skill level 7 in Spellcasting
  5030 | D:5      | Reached XP level 7. HP: 32/36 MP: 11/20
  5043 | D:5      | Found a bloodstained altar of Trog.
  5054 | D:5      | Reached skill level 8 in Spellcasting
  5169 | D:5      | Reached skill level 9 in Spellcasting
  5349 | D:5      | Reached XP level 8. HP: 41/41 MP: 10/23
  5629 | D:5      | Reached * piety under Makhleb
  5678 | D:5      | Reached skill level 10 in Spellcasting
  6491 | D:6      | Found a staircase to the Ecumenical Temple.
  6544 | D:6      | Reached skill level 11 in Spellcasting
  7105 | D:6      | Reached skill level 12 in Spellcasting
  7105 | D:6      | Reached XP level 9. HP: 32/45 MP: 25/27
  7857 | D:7      | Reached ** piety under Makhleb
  8089 | D:7      | Learned a level 3 spell: Call Canine Familiar
  8172 | D:7      | Reached skill level 1 in Summonings
  8695 | D:8      | Learned a level 5 spell: Fireball
  8718 | D:8      | Reached skill level 13 in Spellcasting
  8909 | D:8      | Noticed an efreet
  9121 | D:8      | Slain by a vampire mosquito

Illustrated notes

Levels and vault maps discovered:
D:1:      kennysheep_arrival_forest, layout_basic
D:2:      layout_basic, dreamdust_ecumenical_altar_angels_and_demons
D:3:      layout_rooms, nicolae_overflow_hallway_of_the_gods
D:4:      layout_basic, okawaru_ov_weapons_minmay,
          grunt_temple_overflow_cloverleaf, chequers_serial_rivers_micro_c,
          hangedman_decor_slide_cut, uniq_sigmund
D:5:      minmay_evil_eye, layout_basic, trog_ov_bears_minmay, serial_bayou,
          serial_bayou_pond_e, serial_bayou_ford_a, serial_bayou_crossing,
          serial_bayou_lagoon_a, serial_bayou_shore_a, cheibrodos_gnoll_hut
D:6:      layout_basic, minmay_temple_entry_arrows
D:7:      layout_basic
D:8:      minmay_bloctagon_deflated, layout_cave_pools, chequers_big_river,
          water_boxes_lemuel, uniq_erica

Skill      XL: |  1  2  3  4  5  6  7  8  9 |
---------------+----------------------------+-----
Spellcasting   | 4 5 6 7 9 12 13 | 13.2
Conjurations   | 5 6 7 8 9 |  9.1
Earth Magic    | 2 3 |  3.2
Summonings     | 4 |  4.5
Dodging        | |  2.4
Stealth        | |  2.4

Action                     |  1- 3 |  4- 6 |  7- 9 || total
---------------------------+-------+-------+-------++-------
  Melee: Dagger            |    39 |    58 |    38 ||   135
         Punch             |     1 |       |       ||     1
   Cast: Magic Dart        |    91 |    90 |   124 ||   305
         Searing Ray       |       |     9 |    37 ||    46
         Call Canine Famil |       |       |     9 ||     9
         Dazzling Flash    |       |       |     1 ||     1
    Use: Scroll            |       |     9 |     1 ||    10
   Stab: Distracted        |       |     1 |       ||     1
         Sleeping          |       |     1 |       ||     1
 Armour: Robe              |    21 |    44 |    90 ||   155
  Dodge: Dodged            |    45 |    65 |    82 ||   192

Table legend: (Time is in decaauts)
 A = Elapsed time spent in this place.
 B = Non-inter-level travel time spent in this place.
 C = Inter-level travel time spent in this place.
 D = Time resting spent in this place.
 E = Time spent auto-exploring this place.
 F = Levels seen in this place.
 G = Mean time per level.
                   A        B        C        D        E       F      G
               +--------+--------+--------+--------+--------+-----+--------+
         Total |   9159 |   8819 |    340 |   1720 |   5739 |   8 | 1144.9 |
       Dungeon |   9159 |   8819 |    340 |   1720 |   5739 |   8 | 1144.9 |
               +--------+--------+--------+--------+--------+-----+--------+

Top non-repeatable levels by time:
     D:5: 1660 daAuts
     D:2: 1439 daAuts
     D:7: 1426 daAuts
     D:1: 1337 daAuts
     D:4: 1113 daAuts
     D:6: 1107 daAuts
     D:3: 772 daAuts
     D:8: 301 daAuts
